 Dungeon Crawl Stone Soup version 0.31.0-32-g396128a36d (webtiles) character file.

Game seed: 7391071521495787072

6338 KittyFluff the Grappler (level 10, -10/147 HPs)
             Began as a Troll Shapeshifter on Mar 29, 2024.
             Was an Elder of Trog.
             Mangled by an orc knight
             ... wielding a +0 great mace
              (28 damage)
             ... on level 9 of the Dungeon.
             The game lasted 00:35:19 (6885 turns).

KittyFluff the Grappler (Troll Shapeshifter)        Turns: 6885, Time: 00:35:20

Health: -10/147    AC:  8    Str: 26    XL:     10   Next: 64%
Magic:  9/9        EV: 11    Int:  6    God:    Trog [****..]
Gold:   454        SH:  0    Dex: 11    Spells: 9/9 levels left

rFire   . .          .
                       - Unarmed
rCold   . . .        t - orb of Insecurity {light, *Slow rPois Hexes Alchemy}
rNeg    . . .        l - +0 robe
rPois   +            (helmet currently unavailable)
rElec   .            (cloak currently unavailable)
rCorr   .            (gloves unavailable)
SInv    .            (boots unavailable)
Will    .....        (no amulet) Stlth
                     E - +4 ring of protection
HPRegen 1.24/turn    (no ring)
MPRegen 0.11/turn

%: slow self (1%)
@: berserking (expiring), beast-form, slowed, glowing
A: beast (slay +4), large, unfitting armour, claws 3, regeneration 1, shaggy fur
1, tough skin 1
a: Begin Untransformation, Renounce Religion, Berserk, Trog's Hand, Brothers in
Arms


You were on level 9 of the Dungeon.
You worshipped Trog.
Trog was greatly pleased with you.
You were a hulking beast.
You visited 1 branch of the dungeon, and saw 9 of its levels.

You collected 454 gold pieces.

Inventory:

Hand Weapons
 a - a +3 quarterstaff of chaos
 b - a +0 giant club
 v - a +0 flail
 w - a +2 trident of protection
 B - a +2 whip of freezing
 H - a +0 giant spiked club
 K - a +0 dire flail
 L - a +0 lajatang
 O - a +0 morningstar
 S - a +0 vampiric whip
 T - a +1 flail of protection
Missiles
 f - 58 stones (quivered)
 k - 3 atropa-tipped darts
 u - 13 poisoned darts
 x - 3 boomerangs
 y - 9 javelins
 P - a throwing net
 R - 5 large rocks
Armour
 i - a +0 helmet
 l - a +0 robe (worn)
 m - a +0 cloak
 t - the orb of Insecurity (worn) {light, *Slow rPois Hexes Alchemy}
   (You found it on level 4 of the Dungeon)

   rPois:     It protects you from poison *Slow: It may slow you when you take
   damage.
   Hexes:     It increases the power of your Hexes spells.
   Alchemy:   It increases the power of your Alchemy spells.
Jewellery
 E - a +4 ring of protection (left claw)
Talismans
 c - a beast talisman
 d - a flux talisman
Wands
 J - a wand of light (13)
 Q - a wand of roots (5)
Scrolls
 h - a scroll of fog
 n - 5 scrolls of teleportation
 o - 4 scrolls of vulnerability
 p - a scroll of torment
 r - 2 scrolls of enchant armour
 s - 2 scrolls of brand weapon
 z - a scroll of blinking
 C - 3 scrolls of noise
 F - a scroll of immolation
 G - 3 scrolls of fear {unknown}
 I - a scroll of butterflies
 M - 2 scrolls of poison {unknown}
Potions
 e - 2 potions of heal wounds
 g - 2 potions of mutation {unknown}
 j - 5 potions of brilliance {unknown}
 q - 4 potions of curing {unknown}
 A - a potion of berserk rage {unknown}
 D - a potion of enlightenment {unknown}
 N - a potion of attraction {unknown}


   Skills:
 + Level 6.1 Fighting
 + Level 5.9 Throwing
 + Level 6.4 Dodging
 + Level 8.0 Unarmed Combat
 + Level 7.4 Shapeshifting


You had 9 spell levels left.
You didn't know any spells.
Your spell library was empty.

Dungeon Overview and Level Annotations

Branches:
Dungeon (9/15)             Temple (0/1) D:4
   Lair: D:8-11         Orc: D:9-12

Altars:
Cheibriados
Gozag
Makhleb
Ru
Trog
Uskayaw
Zin
The Shining One

Shops:
D:2 =   D:4 =?:(


Innate Abilities, Weirdness & Mutations

You are a hulking beast.
Your limbs bulge with bestial killing power. (Slay +4)
You are too large for most types of armour.
You have claws for hands.
Your natural rate of healing is unusually fast.
You are covered in fur. (AC +1)
You have tough skin. (AC +1)


Message History

The bolt closely misses you.
You feel sick.
The orc knight shoots a bolt.
The bolt hits you!
The orc knight shoots a bolt.
The bolt hits you!!
* * * LOW HITPOINT WARNING * * *
You hear a shout!
A red film seems to cover your vision as you go berserk!
You feel yourself moving faster!
You feel mighty!
You feel sick.
The orc knight roars a battlecry!
You feel a strong urge to attack something.
You feel sick.
You are no longer poisoned.
The orc knight unwields a +0 arbalest.
The orc knight wields a +0 great mace.
The orc knight barely misses you.
Items here: )))))) [[[[[[ ÷÷ ††.
You mangle the orc knight!!
The orc knight is heavily wounded.
An orc comes into view. It is wielding a +0 club.
The orc knight hits you with a +0 great mace!
* * * LOW HITPOINT WARNING * * *
The orc shouts!
You barely miss the orc knight.
The orc knight is heavily wounded.
The orc knight hits you with a +0 great mace!
* * * LOW HITPOINT WARNING * * *
You claw the orc knight!
The orc knight is severely wounded.
The orc knight hits you but does no damage.
You claw the orc knight!
The orc knight is severely wounded.
You claw the orc knight!
The orc knight is almost dead.
The orc knight hits you with a +0 great mace!
* * * LOW HITPOINT WARNING * * *
You closely miss the orc knight.
The orc knight is almost dead.
The orc knight barely misses you.
You scratch the orc knight but do no damage.
The orc knight is almost dead.
The orc knight hits you with a +0 great mace!!
You die...

.#.##....####)## #.#
..#.........).# #.#
.###....F....## #.#
..#..#.......# #)#
...#.#....o..# ####.#
..##.#.......###....#
#.##.##...o...##.####
.....##.......##.#
#.###......#..##h#
#...>.#..#...)yo)#
#######..###).#### ##
#.......# .#
##.....## ### #######
..## ...## ....#


You could see an orc knight and a killer bee.

Vanquished Creatures
  A centaur warrior (D:8)
  3 deep elf pyromancers (D:8)
  An orc knight (D:9)
  A troll (D:9)
  Sigmund (D:4)
  A wyvern (D:9)
  A vampire (D:8)
  A steam dragon (D:9)
  3 sky beasts
  5 orc warriors
  A black bear (D:4)
  2 ogres
  A centaur (D:7)
  A kobold brigand (D:9)
  2 bullfrogs
  4 scorpions
  7 wights (D:8)
  5 killer bees (D:9)
  A bombardier beetle (D:4)
  3 gnoll boudas
  Crazy Yiuf (D:2)
  3 hounds
  3 jellies
  5 orc priests
  4 sleepcaps
  2 iguanas
  8 orc wizards
  6 adders
  14 gnolls
  2 shadow imps
  A white imp (D:8)
  2 ufetubi (D:6)
  2 ribbon worms (D:4)
  5 dart slugs
  34 orcs
  5 endoplasms
  6 giant cockroaches
  9 goblins
  5 hobgoblins
  8 jackals
  12 kobolds
  5 quokkas
  7 ball pythons
  7 bats
  5 frilled lizards
  6 rats
212 creatures vanquished.

Vanquished Creatures (others)
  An orc (D:9)
1 creature vanquished.

Grand Total: 213 creatures vanquished

Notes
Turn   | Place    | Note
-------+----------+-------------------------------------------
     0 | D:1      | KittyFluff the Troll Shapeshifter began the quest for the
                  | Orb.
     0 | D:1      | Reached XP level 1. HP: 18/18 MP: 0/0
    76 | D:1      | Reached skill level 1 in Fighting
   127 | D:1      | Reached XP level 2. HP: 27/27 MP: 1/1
   299 | D:1      | Reached XP level 3. HP: 33/33 MP: 2/2
   682 | D:2      | Found a runed translucent door.
   683 | D:2      | Noticed Crazy Yiuf
   690 | D:2      | Killed Crazy Yiuf
   691 | D:2      | Reached XP level 4. HP: 23/42 MP: 3/3
   850 | D:2      | Found Fuyc Xopp's Jewellery Emporium.
  1096 | D:2      | Found a bloodstained altar of Trog.
  1125 | D:2      | Became a worshipper of Trog the Wrathful
  1789 | D:3      | Found an opulent altar of Gozag.
  1892 | D:3      | Found a faded altar of an unknown god.
  1970 | D:3      | Reached * piety under Trog
  1971 | D:3      | Reached XP level 5. HP: 49/49 MP: 4/4
  2151 | D:4      | Reached skill level 4 in Unarmed Combat
  2222 | D:4      | Found Kerumat's Weapon Shoppe.
  2222 | D:4      | Noticed Sigmund
  2269 | D:4      | HP: 1/73 [something/puff of flame (7)]
  2302 | D:4      | Killed Sigmund
  2303 | D:4      | Reached XP level 6. HP: 30/59 MP: 5/5
  2445 | D:4      | Reached skill level 1 in Throwing
  2445 | D:4      | Reached XP level 7. HP: 33/66 MP: 6/6
  2510 | D:4      | Identified the orb of Insecurity {light, *Slow rPois Hexes
                  | Alchemy}
  2574 | D:4      | Found Nemn's Jewellery Emporium.
  2704 | D:4      | Found Amau's Magic Scroll Boutique.
  2807 | D:4      | Found Plog's Book Shoppe.
  2901 | D:4      | Found a staircase to the Ecumenical Temple.
  3051 | D:5      | Entered Level 5 of the Dungeon
  3051 | D:5      | Noticed a +0 dagger
  3051 | D:5      | Noticed a +0 dagger
  3051 | D:5      | Found a hide-covered altar of Uskayaw.
  3066 | D:5      | Reached ** piety under Trog
  3154 | D:5      | Reached skill level 5 in Unarmed Combat
  3163 | D:5      | Found a burning altar of Makhleb.
  3644 | D:5      | Reached skill level 5 in Shapeshifting
  3833 | D:6      | Reached XP level 8. HP: 75/75 MP: 7/7
  3947 | D:6      | Found a glowing silver altar of Zin.
  3947 | D:6      | Found a sacrificial altar of Ru.
  3948 | D:6      | Found a snail-covered altar of Cheibriados.
  4565 | D:7      | Reached skill level 6 in Unarmed Combat
  4580 | D:7      | Reached *** piety under Trog
  4739 | D:7      | Reached XP level 9. HP: 81/85 MP: 8/8
  5194 | D:8      | Noticed a deep elf pyromancer
  5211 | D:8      | Killed a deep elf pyromancer
  5212 | D:8      | Reached skill level 5 in Dodging
  5248 | D:8      | Noticed a deep elf pyromancer
  5258 | D:8      | Killed a deep elf pyromancer
  5259 | D:8      | Reached skill level 5 in Fighting
  5273 | D:8      | Noticed a deep elf pyromancer
  5279 | D:8      | Killed a deep elf pyromancer
  5280 | D:8      | Reached skill level 7 in Unarmed Combat
  5499 | D:8      | Reached skill level 5 in Throwing
  5571 | D:8      | Reached XP level 10. HP: 85/87 MP: 9/9
  5623 | D:8      | Found a glowing golden altar of the Shining One.
  5642 | D:8      | Reached **** piety under Trog
  5797 | D:8      | Noticed a centaur warrior
  5810 | D:8      | Killed a centaur warrior
  6662 | D:9      | Noticed an orc knight
  6784 | D:9      | Killed an orc knight
  6785 | D:9      | Reached skill level 8 in Unarmed Combat
  6870 | D:9      | Noticed an orc knight
  6885 | D:9      | Mangled by an orc knight

Illustrated notes

Levels and vault maps discovered:
D:1:      dpeg_arrival_oval, layout_basic
D:2:      layout_loops_corners, serial_shops, shop, basic_altar,
          roderic_serpentine_path, kennysheep_generic_room_10,
          uniq_crazy_yiuf_cottage
D:3:      layout_rooms, grunt_gozag_statues,
          shapermc_ecumenical_altar_mp_vishouse, minmay_misc_feat_roman
D:4:      layout_loops_ring, minmay_temple_entry_tees, serial_shops,
          nicolae_shop_back_alley_shop, shop, nicolae_shop_stone,
          nicolae_shop_crystal, grunt_ministairs_6, uniq_sigmund
D:5:      layout_loops_ring, dancing_weapons_uskayaw, makhleb_heckhound_becter,
          kennysheep_crisscross
D:6:      layout_basic, chequers_temple_overflow_statue_of_worship,
          skrybe_limestone_x
D:7:      layout_loops_ring, serial_glass, glass_columns_a, glass_columns_c,
          minmay_strange_pillars, feat_on_display, item_on_display_a,
          feat_on_display, bh_walls_and_bars
D:8:      layout_rooms, kennysheep_little_box, serial_library,
          serial_library_hellmonk_octagon, serial_library_hellmonk_room_b,
          serial_library_hellmonk_reading_circle,
          serial_library_hellmonk_open_square,
          serial_library_hellmonk_open_cross,
          serial_library_hellmonk_small_alcove,
          serial_library_hellmonk_long_bookcase, serial_library_hellmonk_h_bend,
          serial_library_regret_index_double_sided,
          serial_library_hellmonk_h_bend, kennysheep_small_spiral
D:9:      layout_loops_cross, abandoned_shop, lightli_church_of_beogh

Skill      XL: |  1  2  3  4  5  6  7  8  9 10 |
---------------+-------------------------------+-----
Fighting       | 1 2 3 4 5 6 |  6.1
Dodging        | 2 3 4 5 6 |  6.4
Unarmed Combat | 4 5 6 7 8 |  8.0
Shapeshifting  | 4 5 6 7 |  7.4
Throwing       | 1 2 3 5 |  5.9

Action                     |  1- 3 |  4- 6 |  7- 9 | 10-12 || total
---------------------------+-------+-------+-------+-------++-------
  Melee: Unarmed           |    68 |   115 |   220 |   106 ||   509
         Punch             |       |     4 |     2 |       ||     6
  Throw: Stone             |       |       |     6 |       ||     6
 Invoke: Berserk           |       |       |       |     1 ||     1
    Use: Scroll            |       |     7 |     4 |     1 ||    12
         Potion            |       |     2 |       |       ||     2
 Armour: Animal skin       |    39 |       |       |       ||    39
         Robe              |     6 |    85 |   133 |    76 ||   300
         Skin              |       |    27 |       |       ||    27
  Dodge: Dodged            |    17 |    64 |    99 |    54 ||   234
